 Dungeon Crawl Stone Soup version 0.31-a0-313-g785cd24033 (webtiles) character file.

Game seed: 7684765707094363367

374 AdnanSaban the Covered (level 6, 0/39 HPs)
             Began as a Gargoyle Fighter on July 17, 2023.
             Slain by an ogre
             ... wielding a +0 giant spiked club
              (2 damage)
             ... on level 4 of the Dungeon.
             The game lasted 00:03:12 (2585 turns).

AdnanSaban the Covered (Gargoyle Fighter)           Turns: 2585, Time: 00:03:12

Health: 0/39       AC: 15    Str: 21    XL:     6   Next: 72%
Magic:  6/6        EV:  8    Int:  9    God:
Gold:   101        SH:  4    Dex:  9    Spells: 5/5 levels left

rFire   . . .        a - +0 flail
rCold   . . .        c - +0 buckler
rNeg    + . .        h - +0 chain mail
rPois   ∞            i - +0 helmet
rElec   +            (no cloak)
rCorr   .            (no gloves)
SInv    .            (no boots)
Will    .....        (no amulet) Stlth
                     (no ring)
HPRegen 0.26/turn    (no ring)
MPRegen 0.10/turn

%: no passive effects
@: no status effects
A: sickness immunity, AC +4, negative energy resistance 1, electricity
resistance, torment resistance 1, petrification resistance
a: no special abilities


You were on level 4 of the Dungeon.
You visited 1 branch of the dungeon, and saw 4 of its levels.

You collected 101 gold pieces.

Inventory:

Hand Weapons
 a - a +0 flail (weapon)
Armour
 c - a +0 buckler (worn)
 h - a +0 chain mail (worn)
 i - a +0 helmet (worn)
Wands
 o - a wand of roots (7)
Scrolls
 b - a scroll of poison {unknown}
 f - 3 scrolls of identify {unknown}
 g - 2 scrolls of immolation {unknown}
 j - a scroll of blinking {unknown}
 k - a scroll of vulnerability {unknown}
 l - a scroll of noise {unknown}
 q - 2 scrolls of fog {unknown}
 r - a scroll of amnesia {unknown}
 t - a scroll of fear {unknown}
Potions
 d - 2 potions of might
 e - a potion of lignification {unknown}
 m - a potion of heal wounds {unknown}
 n - 2 potions of curing {unknown}
 p - a potion of mutation {unknown}
 s - 2 potions of magic {unknown}


   Skills:
 + Level 4.3 Fighting
 + Level 4.9 Maces & Flails
 + Level 4.9 Armour
 + Level 4.1 Shields


You had 5 spell levels left.
You didn't know any spells.
Your spell library was empty.

Dungeon Overview and Level Annotations

Branches:
Dungeon (4/15)
 Temple: D:4-7

Altars:
The Shining One

Shops:
D:3 [


Innate Abilities, Weirdness & Mutations

You are immune to sickness and miasma.
Your stone body is resilient. (AC +4)
You are immune to poison.
You resist negative energy. (rN+)
You are resistant to electric shocks. (rElec)
You are resistant to unholy torment.
You are immune to petrification.


Message History

The hound is lightly wounded.
You block the hound's attack. x2
You miss the hound.
The hound is lightly wounded.
The hound closely misses you.
You hit the hound.
The hound is heavily wounded.
The hound bites you but does no damage. The hound closely misses you.
You hit the hound.
The hound is severely wounded.
The hound bites you but does no damage. The hound closely misses you.
You hit the hound.
The hound is almost dead.
The hound barely misses you. The hound bites you but does no damage.
You closely miss the hound.
The hound is almost dead.
The hound bites you.
You hit the hound.
The hound is almost dead.
The hound bites you but does no damage. x2
You sock the hound!
You kill the hound!
You block the ogre's attack.
You sock the ogre!
The ogre is heavily wounded.
You hit the ogre.
The ogre is severely wounded.
The ogre hits you with a +0 giant spiked club!!
Ouch! That really hurt!
You barely miss the ogre.
The ogre is severely wounded.
The ogre hits you with a +0 giant spiked club!
* * * LOW HITPOINT WARNING * * *
You hit the ogre.
The ogre is severely wounded.
The ogre hits you but does no damage.
You hit the ogre.
The ogre is almost dead.
The ogre hits you with a +0 giant spiked club.
You die...

#.....#.#
#.#####.## #.#
##...##
#.###.....###..
#.............
#..##.....###
#..###...## #
#..####.#####..##
#.........@O....#
#...####.#####.^#
..... ...#
#...######


You could see an ogre.

Vanquished Creatures
  Sigmund (D:2)
  A scorpion (D:2)
  An orc priest (D:3)
  A hound (D:4)
  A jelly (D:3)
  An adder (D:3)
  2 worms
  9 orcs (D:3)
  2 ball pythons (D:3)
  3 endoplasms
  2 giant cockroaches
  2 goblins (D:3)
  2 hobgoblins
  A quokka (D:3)
  5 bats
  A frilled lizard (D:3)
  9 kobolds
  A rat (D:2)
45 creatures vanquished.

Notes
Turn   | Place    | Note
-------+----------+-------------------------------------------
     0 | D:1      | AdnanSaban the Gargoyle Fighter began the quest for the
                  | Orb.
     0 | D:1      | Reached XP level 1. HP: 14/14 MP: 1/1
   699 | D:2      | Reached XP level 2. HP: 14/19 MP: 2/2
   774 | D:2      | Found a glowing golden altar of the Shining One.
   810 | D:2      | Found a faded altar of an unknown god.
  1013 | D:2      | Noticed a scorpion
  1029 | D:2      | Killed a scorpion
  1030 | D:2      | Reached XP level 3. HP: 15/24 MP: 3/3
  1030 | D:2      | Reached XP level 4. HP: 18/29 MP: 4/4
  1123 | D:2      | Noticed Sigmund
  1331 | D:2      | Killed Sigmund
  1332 | D:2      | Reached XP level 5. HP: 14/33 MP: 5/5
  1332 | D:2      | Reached XP level 6. HP: 16/38 MP: 6/6
  1826 | D:3      | Found Qaypnoa's Armour Boutique.
  2583 | D:4      | HP: 1/39 [ogre/+0 giant spiked club (16)]
  2585 | D:4      | Slain by an ogre

Illustrated notes

Levels and vault maps discovered:
D:1:      eino_arrival_cavern_c, layout_loops_ring
D:2:      layout_loops_ring, shapermc_ecumenical_altar_ellora, basic_altar,
          uniq_sigmund
D:3:      layout_loops_cross, serial_shops, nicolae_shop_trees
D:4:      layout_loops_ring, nicolae_vehumet_radiance, minmay_manual_monstrance,
          uniq_robin

Skill      XL: |  1  2  3  4 |
---------------+-------------+-----
Maces & Flails | 3 4 |  4.9
Armour         | 4 |  4.9
Fighting       | 4 |  4.3
Shields        | 4 |  4.1

Action                     |  1- 3 |  4- 6 || total
---------------------------+-------+-------++-------
  Melee: Flail             |    47 |   176 ||   223
 Armour: Scale mail        |    14 |       ||    14
         Chain mail        |    12 |   117 ||   129
  Dodge: Dodged            |    18 |    79 ||    97
  Block: Buckler           |     7 |    36 ||    43

Table legend: (Time is in decaauts)
 A = Elapsed time spent in this place.
 B = Non-inter-level travel time spent in this place.
 C = Inter-level travel time spent in this place.
 D = Time resting spent in this place.
 E = Time spent auto-exploring this place.
 F = Levels seen in this place.
 G = Mean time per level.
                   A        B        C        D        E       F      G
               +--------+--------+--------+--------+--------+-----+--------+
         Total |   2642 |   2579 |     63 |     97 |   1975 |   4 |  660.5 |
       Dungeon |   2642 |   2579 |     63 |     97 |   1975 |   4 |  660.5 |
               +--------+--------+--------+--------+--------+-----+--------+

Top non-repeatable levels by time:
     D:2: 993 daAuts
     D:3: 885 daAuts
     D:1: 702 daAuts
     D:4: 60 daAuts
